cohdb
Replays
Latest Replays
All Replays
Popular Replays
Top Player Replays
Match Explorer
How It Works
Community
CoH3 Stats
Reddit
Sign in to upload your games and track your stats! →
Sign in with Steam
Match 44448710
Unlisted
Match 44448710
Overview
Messages
Build Orders
End
Pioneer Squad
Construct Infanterie Kompanie
Selects Breakthrough Battlegroup
Selects Assault Grenadiers
Grenadier Squad
Grenadier Squad
Grenadier Squad
Infanterie Officer Quarters
Grenadier Squad
Construct Luftwaffe Kompanie
Flak 30 Anti-aircraft Gun Team
Jäger Squad
Selects Breakthrough
Selects Mechanized Assault Group
Mechanized Assault Group
Selects Rapid Production
Selects Blitzkrieg
Construct Panzer Kompanie
咚咚锵个腿
DaPopeCOH
0
0
Comments
sign in to comment!
No comments posted yet!